 Dungeon Crawl Stone Soup version 0.25-a0-1024-gbfbf38f2cb (webtiles) character file.

Game seed: 6127513374993023961, levelgen mode: deterministic

65 Flugslaktarn the Ducker (level 4, 0/31 HPs)
             Began as an Octopode Fighter on May 12, 2020.
             Slain by a goblin (1 damage)
             ... led by Robin
             ... on level 2 of the Dungeon.
             The game lasted 00:00:30 (1090 turns).

Flugslaktarn the Ducker (Octopode Fighter)          Turns: 1090, Time: 00:00:30

Health: 0/31       AC:  1    Str: 17    XL:     4   Next: 13%
Magic:  4/4        EV: 12    Int: 10    God:
Gold:   83         SH:  9    Dex: 12    Spells: 3/3 levels left

rFire    . . .     SeeInvis .   a - +0 war axe
rCold    . . .     Gourm    .   b - +0 kite shield
rNeg     . . .     Faith    .   (helmet restricted)
rPois    .         Spirit   .   (no amulet)
rElec    .         Reflect  .   j - +2 ring of strength
rCorr    .         Harm     .   (no ring)
MR       .....                  (no ring)
Stlth    ++........             (no ring)
HPRegen  0.10/turn              (no ring)
MPRegen  0.09/turn              (no ring)
                                (no ring)
                                (no ring)

@: lethally poisoned (0 -> -1)
A: almost no armour, stealthy swim, amphibious, 8 rings, constrict 8, camouflage
1, gelatinous body 1
a: no special abilities


You were on level 2 of the Dungeon.
You were hungry.

You visited 1 branch of the dungeon, and saw 2 of its levels.

You collected 83 gold pieces.

Inventory:

Hand Weapons
 a - a +0 war axe (weapon)
Armour
 b - a +0 kite shield (worn)
Jewellery
 j - a +2 ring of strength (left tentacle)
   (You found it on level 1 of the Dungeon)
Scrolls
 i - 3 scrolls of identify {unknown}
 k - 2 scrolls of teleportation {unknown}
 l - a scroll of fear {unknown}
Potions
 d - 2 potions of might
 e - a potion of mutation {unknown}
 f - a potion of stabbing {unknown}
 g - a potion of degeneration {unknown}
 h - 2 potions of brilliance {unknown}
 n - a potion of curing {unknown}
 o - a potion of heal wounds {unknown}
Comestibles
 c - 4 rations
 m - 6 chunks of flesh


   Skills:
 + Level 3.4 Fighting
 * Level 3.1 Axes
 + Level 3.4 Dodging
 + Level 3.4 Shields


You had 3 spell levels left.
You didn't know any spells.
Your spell library was empty.

Dungeon Overview and Level Annotations

Branches:
Dungeon (2/15)

Altars:

Annotations:
D:2 Robin


Innate Abilities, Weirdness & Mutations

You cannot wear most types of armour.
You are very stealthy in the water. (Stealth+)
You are amphibious.
You can wear up to eight rings at the same time.
You can use your tentacles to constrict eight enemies at once.
Your skin changes colour to match your surroundings (Stealth+).
Your rubbery body absorbs attacks. (AC +1, EV +1)


Message History

Robin says, "Bow before me, strongest of all the hobgoblins!"
Robin throws the goblin at you!
* * * LOW HITPOINT WARNING * * *
You closely miss the goblin. Your grab misses the goblin.
You barely miss the goblin. You closely miss the goblin.
The goblin closely misses you. Robin throws the goblin at you!
You block the goblin's attack. The goblin hits you with a +0 club.
* * * LOW HITPOINT WARNING * * *
You block the goblin's attack. The goblin hits you but does no damage.
Your shield prevents you from hitting the goblin.
You grab the goblin.
You barely miss the goblin. x2; You slash the goblin!
You kill the goblin!
You hit the hobgoblin. You constrict the goblin.
You kill the goblin!
You block the hobgoblin's attack.
Robin roars a battlecry!
The goblins go into a battle-frenzy!
The goblin closely misses you. The goblin misses you.
The hobgoblin completely misses you. The goblin hits you.
You die...

...........[...........
.......................
.............#.......[.
..........)............
......g.)........(....#
#...#.)............##
#..g#..............##
#ggg............).
#@gg........##....
.##)g....#....##[...
#........##....##....
#..#.#.#........#....
#........######.#....
#[.#.#.#.(...........
#..........####......
#..#.#.#.#.# #..#.#.
##.......#.# #......


You could see 3 hobgoblins and 4 goblins.

Vanquished Creatures
  3 adders (D:2)
  A worm (D:2)
  2 dart slugs (D:1)
  5 goblins (D:2)
  6 hobgoblins (D:1)
  6 kobolds
  5 bats (D:1)
  4 rats
32 creatures vanquished.

Vanquished Creatures (others)
  4 toadstools (D:1)
4 creatures vanquished.

Grand Total: 36 creatures vanquished

Notes
Turn   | Place    | Note
-------+----------+-------------------------------------------
     0 | D:1      | Flugslaktarn the Octopode Fighter began the quest for the
                  | Orb.
     0 | D:1      | Reached XP level 1. HP: 16/16 MP: 1/1
   183 | D:1      | Reached XP level 2. HP: 21/21 MP: 2/2
   712 | D:1      | Reached XP level 3. HP: 26/26 MP: 3/3
  1077 | D:2      | Noticed Robin
  1085 | D:2      | Reached XP level 4. HP: 10/31 MP: 4/4
  1089 | D:2      | HP: 1/31 [goblin/+0 club[Robin] (3)]
  1090 | D:2      | Slain by a goblin

Illustrated notes

Levels and vault maps discovered:
D:1:      ldierk_water_garden, layout_basic
D:2:      layout_basic, nemelex_xobeh_ov_fountains_minmay, serial_glass,
          glass_columns_b, glass_columns_b, uniq_robin

Skill      XL: |  1  2  3 |
---------------+----------+-----
Axes           | 3 |  3.1
Fighting       | |  3.4
Dodging        | |  3.4
Shields        | |  3.4

Action                   |  1- 3 |  4- 6 || total
-------------------------+-------+-------++-------
Melee: War axe           |    44 |     2 ||    46
       Constrict         |    14 |     1 ||    15
       Tentacles         |     8 |       ||     8
 Stab: Sleeping          |     7 |       ||     7
Armor: Skin              |     5 |     1 ||     6
Dodge: Dodged            |    22 |     4 ||    26
Block: Kite shield       |    19 |     4 ||    23

Table legend:
 A = Non-vault XP
 B = Vault XP
 C = Vault XP percentage of total XP
 D = Non-vault monster count
 E = Vault monster count
 F = Vault count percentage of total count
                 A         B        C        D         E       F
            +---------+---------+-------+---------+---------+-------
      Total |      83 |      10 |  10.8 |      27 |       5 |  15.6
            +---------+---------+-------+---------+---------+-------
        D:1 |      36 |       0 |   0.0 |      21 |       0 |   0.0
        D:2 |      47 |      10 |  17.5 |       6 |       5 |  45.5
            +---------+---------+-------+---------+---------+-------
